 Dungeon Crawl Stone Soup version 0.20.1-1-g8b1a95d (webtiles) character file.

5466 Jawreze the Slinger (level 11, -5/72 HPs)
             Began as a Halfling Hunter on Aug 30, 2017.
             Was a Follower of Dithmenos.
             Slain by a vault guard
             ... wielding a +0 war axe
              (10 damage)
             ... on level 10 of the Dungeon on Sept 17, 2017.
             The game lasted 00:23:49 (11067 turns).

Jawreze the Slinger (Halfling Hunter)              Turns: 11067, Time: 00:23:50

Health: -5/72      AC: 13    Str: 13    XL:     11   Next: 0%
Magic:  11/11      EV: 11    Int:  9    God:    Dithmenos [*.....]
Gold:   427        SH:  0    Dex: 19    Spells: 10/10 levels left

rFire    . . .     SeeInvis .   a - +1 hunting sling
rCold    . . .     Gourm    .   (shield restricted)
rNeg     . . .     Faith    .   u - +3 chain mail
rPois    .         Spirit   .   t - +0 helmet
rElec    .         Reflect  .   l - scarf {repulsion}
rCorr    .         Harm     .   r - +0 pair of gloves
MR       .....                  (no boots)
Stlth    ..........             (no amulet)
Regen    0.3/turn               (no ring)
MPRegen  0.2/turn               (no ring)

@: wreathed by umbra, repel missiles
A: mutation resistance 1
a: Renounce Religion


You were on level 10 of the Dungeon.
You worshipped Dithmenos.
Dithmenos was aware of your devotion.
You were not hungry.

You visited 2 branches of the dungeon, and saw 11 of its levels.

You collected 672 gold pieces.
You spent 245 gold pieces at shops.

Inventory:

Hand Weapons
 a - a +1 hunting sling (weapon)
 A - a +3 falchion
Missiles
 h - 237 stones (quivered)
Armour
 l - a scarf of repulsion (worn)
 r - a +0 pair of gloves (worn)
 t - a +0 helmet (worn)
 u - a +3 chain mail (worn)
Jewellery
 e - an uncursed ring of stealth {unknown}
 q - an uncursed ring of protection from cold {unknown}
 J - an uncursed amulet of harm {unknown}
 Q - an uncursed amulet of harm {unknown}
Wands
 y - a wand of enslavement (18/24)
 D - a wand of flame (24/48)
 M - a wand of paralysis (12/24)
 P - a wand of lightning (7/15)
Scrolls
 c - 2 scrolls of blinking
 i - 13 scrolls of identify
 j - 7 scrolls of teleportation
 m - 2 scrolls of remove curse
 s - a scroll of recharging {unknown}
 F - a scroll of summoning
 G - a scroll of enchant armour
 I - 2 scrolls of enchant weapon {unknown}
 L - a scroll of magic mapping {unknown}
 R - a scroll of fog {unknown}
Potions
 b - a potion of cancellation {unknown}
 g - 2 potions of agility {unknown}
 k - 3 potions of lignification
 n - a potion of curing
 o - 3 potions of might {unknown}
 p - 3 potions of brilliance {unknown}
 v - 2 potions of magic {unknown}
 x - a potion of mutation {unknown}
 z - a potion of invisibility {unknown}
 B - a potion of haste {unknown}
 C - 2 potions of degeneration {unknown}
 K - 2 potions of ambrosia {unknown}
 N - a potion of resistance {unknown}
 O - 3 potions of heal wounds {unknown}
Books
 H - a book of Changes

   Spells                             Type                      Level
   a - Beastly Appendage              Transmutation                1
   b - Sticks to Snakes               Transmutation                2
   c - Spider Form                    Transmutation/Poison         3
   d - Ice Form                       Ice/Transmutation            4
   e - Blade Hands                    Transmutation                5
Comestibles
 f - 5 bread rations
 w - 6 royal jellies
 E - 5 meat rations


   Skills:
 + Level 5.7 Fighting
 * Level 7.7 Long Blades
 - Level 14.2 Slings
 + Level 7.0 Dodging
 + Level 4.9 Stealth


You had 10 spell levels left.
You didn't know any spells.

Dungeon Overview and Level Annotations

Branches:
Dungeon (10/15)            Temple (1/1) D:7             Orc (0/2) D:9
   Lair: D:8-11

Altars:
Ashenzari
Cheibriados
Dithmenos
Elyvilon
Fedhas
Gozag
Hepliaklqana
Kikubaaqudgha
Makhleb
Nemelex Xobeh
Okawaru
Qazlal
Ru
Sif Muna
Trog
Uskayaw
Vehumet
Xom
Yredelemnul
Zin
The Shining One

Shops:
D:6 ?   D:9 (

Annotations:
D:9 exclusion: oklob plant


Innate Abilities, Weirdness & Mutations

You are small and have problems with some larger weapons.
You are somewhat resistant to further mutation.


Message History

Press: ? - help, Shift-Dir - straight line, f/p - vault guard
Aim: a vault guard, wielding a war axe and wearing a plate armour (moderately wounded, umbra)
You shoot a stone.
The stone closely misses the vault guard.
The vault guard hits you with a war axe!
* * * LOW HITPOINT WARNING * * *
Firing (i - inventory):
h - 239 stones (quivered)
Press: ? - help, Shift-Dir - straight line, f/p - vault guard
Aim: a vault guard, wielding a war axe and wearing a plate armour (moderately wounded, umbra)
You shoot a stone.
The stone hits the vault guard but does no damage.
The vault guard is moderately wounded.
Unknown command.
Firing (i - inventory):
h - 238 stones (quivered)
Press: ? - help, Shift-Dir - straight line, f/p - vault guard
Aim: a vault guard, wielding a war axe and wearing a plate armour (moderately wounded, umbra)
You shoot a stone. The stone hits the vault guard.
The vault guard is moderately wounded.
The vault guard hits you with a war axe!
You die...

##+## #≈(≈#
#...# ≈.≈ #p#
###+#######@#
#...........#
#...........#
#...........#
#...........#
+...........#
#.........<.#
#..<........#
#...........#


You could see a vault guard.

Vanquished Creatures
  The ghost of Elmdore the Archer, an amateur CeHu (D:4)
  2 hippogriffs
  5 yaks
  A human (D:8)
  3 hogs (D:8)
  The ghost of torrenera the Sneak, an amateur VSEn (D:3)
  2 orc warriors
  2 ice beasts
  A black bear (D:9)
  4 sky beasts
  A phantom (D:9)
  4 ogres
  A centaur (D:8)
  A crocodile (D:8)
  A big kobold (D:8)
  6 bullfrogs
  3 scorpions
  3 killer bees (D:8)
  5 wights (D:6)
  2 howler monkeys
  A quasit (D:9)
  2 bullfrog zombies
  A jelly (D:8)
  A hound (D:6)
  9 orc wizards
  4 orc priests
  A bullfrog skeleton (D:6)
  4 iguanas
  7 worker ants
  3 hound skeletons
  A gnoll (D:1)
  9 adders
  2 shadow imps
  An adder zombie (D:5)
  An ooze (D:3)
  An adder skeleton (D:8)
  3 worms
  2 dart slugs
  5 leopard geckos
  22 orcs
  8 bats
  4 giant cockroaches
  7 goblins
  4 hobgoblins
  2 jackals (D:5)
  18 kobolds
  5 quokkas
  4 ball pythons
  A ball python skeleton (D:6)
  5 frilled lizards
  A leopard gecko skeleton (D:4)
  A leopard gecko zombie (D:5)
  A quokka zombie (D:6)
  11 rats
201 creatures vanquished.

Notes
Turn   | Place    | Note
-------+----------+-------------------------------------------
     0 | D:1      | Jawreze the Halfling Hunter began the quest for the Orb.
     0 | D:1      | Reached XP level 1. HP: 14/14 MP: 1/1
    73 | D:1      | Reached skill level 6 in Slings
   194 | D:1      | Reached XP level 2. HP: 19/19 MP: 2/2
   539 | D:1      | Reached skill level 7 in Slings
   539 | D:1      | Reached XP level 3. HP: 24/24 MP: 3/3
   992 | D:2      | Reached XP level 4. HP: 29/29 MP: 4/4
  1018 | D:2      | Reached skill level 8 in Slings
  1556 | D:3      | Reached XP level 5. HP: 34/34 MP: 5/5
  1754 | D:3      | Reached skill level 9 in Slings
  1974 | D:3      | Noticed torrenera's ghost (amateur VSEn)
  1979 | D:3      | Killed torrenera's ghost
  1979 | D:3      | Reached skill level 10 in Slings
  1979 | D:3      | Reached XP level 6. HP: 39/39 MP: 6/6
  2423 | D:4      | Noticed an ogre
  2431 | D:4      | Killed an ogre
  2431 | D:4      | Reached skill level 1 in Long Blades
  2431 | D:4      | Reached XP level 7. HP: 44/44 MP: 7/7
  2432 | D:4      | Noticed Elmdore's ghost (amateur CeHu)
  2469 | D:3      | Reached skill level 11 in Slings
  3130 | D:5      | Entered Level 5 of the Dungeon
  3930 | D:5      | Reached skill level 12 in Slings
  3930 | D:5      | Reached XP level 8. HP: 49/50 MP: 8/8
  4136 | D:4      | Killed Elmdore's ghost
  4955 | D:5      | HP: 2/51 [orc warrior/glaive (7)]
  4967 | D:5      | Reached skill level 13 in Slings
  4967 | D:5      | Reached XP level 9. HP: 14/56 MP: 9/9
  6466 | D:6      | Found Pair's Magic Scroll Shop.
  6470 | D:6      | Bought a scroll of blinking for 75 gold pieces
  6470 | D:6      | Bought a scroll of summoning for 95 gold pieces
  6470 | D:6      | Bought a scroll of enchant armour for 75 gold pieces
  6943 | D:7      | Reached skill level 14 in Slings
  6943 | D:7      | Reached skill level 5 in Dodging
  7154 | D:7      | Found a staircase to the Ecumenical Temple.
  7515 | D:7      | Reached skill level 5 in Long Blades
  7640 | D:8      | Noticed a two-headed ogre
  7685 | Temple   | Entered the Ecumenical Temple
  7819 | Temple   | Became a worshipper of Dithmenos the Shadowed
  7965 | D:8      | Reached XP level 10. HP: 65/65 MP: 10/10
  8526 | D:8      | Reached * piety under Dithmenos
  8962 | D:8      | Reached skill level 5 in Fighting
  9565 | D:9      | Found a glowing golden altar of the Shining One.
  9566 | D:9      | Noticed an oklob plant
 10091 | D:9      | Found a staircase to the Orcish Mines.
 10241 | D:9      | Found Guomexkoi's Antique Weapon Shoppe.
 10523 | D:10     | Entered Level 10 of the Dungeon
 10692 | D:9      | Reached XP level 11. HP: 27/72 MP: 11/11
 11032 | D:10     | Noticed a vault guard
 11067 | D:10     | Slain by a vault guard

Skill      XL: |  1  2  3  4  5  6  7  8  9 10 |
---------------+-------------------------------+-----
Slings         | 6 7 8 10 12 13 14 | 14.2
Long Blades    | 1 2 3 5 7 |  7.7
Fighting       | 2 3 4 5 |  5.7
Dodging        | 3 5 7 |  7.0
Stealth        | 2 4 |  4.9

Action                   |  1- 3 |  4- 6 |  7- 9 | 10-12 || total
-------------------------+-------+-------+-------+-------++-------
Melee: Short sword       |    13 |       |       |       ||    13
       Long sword        |       |       |     2 |       ||     2
       Falchion          |       |       |    33 |    53 ||    86
 Fire: Hunting sling     |    65 |   162 |   604 |   404 ||  1235
  Use: Scroll            |       |       |    10 |       ||    10
       Potion            |       |       |     1 |     1 ||     2
  Eat: Chunk             |       |     4 |    11 |     9 ||    24
       Fruit             |       |       |     6 |       ||     6
Armor: Leather armour    |     8 |     5 |     9 |       ||    22
       Chain mail        |       |       |    61 |   113 ||   174
Dodge: Dodged            |    24 |    26 |    95 |   140 ||   285
       Deflected         |       |     1 |     3 |     3 ||     7
       Rpst.: Falchion   |       |       |       |    14 ||    14
